 Dungeon Crawl Stone Soup version 0.24-a0-380-g7ade4d1b3c (webtiles) character file.

Game seed: 9441375124450555031

246 Peloso the Shield-Bearer (level 5, -1/47 HPs)
             Began as a Minotaur Fighter on June 3, 2019.
             Killed by divine providence
             ... invoked by an orc priest
              (18 damage)
             ... on level 3 of the Dungeon.
             The game lasted 00:03:22 (1623 turns).

Peloso the Shield-Bearer (Minotaur Fighter)         Turns: 1623, Time: 00:03:23

Health: -1/47      AC:  7    Str: 21    XL:     5   Next: 84%
Magic:  4/4        EV:  8    Int:  5    God:
Gold:   100        SH: 10    Dex: 10    Spells: 4/4 levels left

rFire    . . .     SeeInvis .   a - +0 long sword
rCold    . . .     Gourm    .   c - +0 shield
rNeg     . . .     Faith    .   b - +0 scale mail
rPois    .         Spirit   .   (helmet restricted)
rElec    .         Reflect  .   (no cloak)
rCorr    .         Harm     +   (no gloves)
MR       .....                  (no boots)
Stlth    ..........             n - amulet of harm
HPRegen  0.15/turn              i - ring of flight
MPRegen  0.09/turn              (no ring)

@: no status effects
A: retaliatory headbutt, horns 2
a: Evoke Flight


You were on level 3 of the Dungeon.
You were not hungry.

You visited 1 branch of the dungeon, and saw 3 of its levels.

You collected 100 gold pieces.

Inventory:

Hand Weapons
 a - a +0 long sword (weapon)
Armour
 b - a +0 scale mail (worn)
 c - a +0 shield (worn)
Jewellery
 i - a ring of flight (left hand)
 n - an amulet of harm (around neck)
Scrolls
 g - 2 scrolls of remove curse {unknown}
 j - 2 scrolls of identify {unknown}
 k - a scroll of magic mapping {unknown}
 l - a scroll of immolation {unknown}
 m - a scroll of enchant armour {unknown}
 o - a scroll of fog {unknown}
 p - a scroll of amnesia {unknown}
Potions
 d - a potion of might
 e - 2 potions of degeneration {unknown}
 h - 2 potions of haste {unknown}
Comestibles
 f - 10 rations
 q - a chunk of flesh


   Skills:
 + Level 4.5 Fighting
 + Level 4.2 Long Blades
 + Level 4.6 Armour
 + Level 1.9 Dodging
 + Level 0.1 Stealth
 + Level 5.3 Shields


You had 4 spell levels left.
You didn't know any spells.
Your spell library was empty.

Dungeon Overview and Level Annotations

Branches:
Dungeon (3/15)

Altars:


Innate Abilities, Weirdness & Mutations

You reflexively headbutt those who attack you in melee.
You have a pair of horns on your head.


Message History

You closely miss the quokka. Your headbutt misses the quokka.
You block the quokka's attack.
You miss the quokka. You headbutt the quokka.
The quokka is severely wounded.
The quokka bites you but does no damage. x2
A jackal comes into view.
The jackal barks!
You hit the quokka.
The quokka is almost dead.
You hear a bark!
The quokka bites you but does no damage.
You hit the quokka but do no damage.
The quokka is almost dead.
You block the quokka's attack.
The quokka bites you but does no damage.
You miss the quokka. Your headbutt misses the quokka.
The quokka is almost dead.
The orc priest calls down the wrath of Beogh upon you.
Beogh smites you!
You die...

.# #.)# .# ##.#######..
.# #..........
.#####..######
.#......##########
...####..........#
...####..........#
.....##.....(....###..#
...#.......(...(@rooh.#
.....#..........h###.##
.#...............#
.#.##...>........#
...†....†........#
...##.............
#...##...........#.
#....###............
#..#..........#


You could see an orc priest, an orc, a quokka and 2 jackals.

Vanquished Creatures
  An orc priest (D:3)
  Jessica (D:2)
  Natasha (twice) (D:2)
  A worker ant (D:2)
  4 adders
  2 oozes (D:1)
  4 worms
  2 dart slugs
  6 orcs
  2 ball pythons (D:2)
  2 giant cockroaches
  4 goblins
  3 hobgoblins
  10 kobolds
  A quokka (D:3)
  6 bats
  4 frilled lizards
  6 rats
61 creatures vanquished.

Vanquished Creatures (others)
  4 toadstools (D:1)
4 creatures vanquished.

Grand Total: 65 creatures vanquished

Notes
Turn   | Place    | Note
-------+----------+-------------------------------------------
     0 | D:1      | Peloso the Minotaur Fighter began the quest for the Orb.
     0 | D:1      | Reached XP level 1. HP: 19/19 MP: 0/0
    57 | D:1      | Reached XP level 2. HP: 26/27 MP: 1/1
   394 | D:1      | Reached XP level 3. HP: 33/33 MP: 2/2
   435 | D:1      | Reached skill level 4 in Shields
   864 | D:2      | Reached XP level 4. HP: 29/40 MP: 3/3
  1148 | D:2      | Noticed Jessica
  1153 | D:2      | Killed Jessica
  1153 | D:2      | Reached skill level 1 in Dodging
  1154 | D:2      | Noticed Natasha
  1168 | D:2      | Killed Natasha
  1242 | D:2      | Reached XP level 5. HP: 29/46 MP: 4/4
  1306 | D:2      | Reached skill level 5 in Shields
  1454 | D:2      | Noticed Natasha
  1460 | D:2      | Killed Natasha
  1623 | D:3      | Killed from afar by an orc priest

Levels and vault maps discovered:
D:1:      ldierk_walled_garden_2, layout_basic, minmay_misc_feat_four_crosses
D:2:      layout_basic, uniq_natasha, uniq_jessica
D:3:      layout_rooms, ashenzari_conservatory_becter

Skill      XL: |  1  2  3  4  5 |
---------------+----------------+-----
Armour         | 4 |  4.6
Long Blades    | 3 4 |  4.2
Shields        | 4 5 |  5.3
Fighting       | 4 |  4.5
Dodging        | 1 |  1.9
Stealth        | |  0.1

Action                   |  1- 3 |  4- 6 || total
-------------------------+-------+-------++-------
Melee: Long sword        |    72 |    80 ||   152
       Headbutt          |     7 |    12 ||    19
  Eat: Chunk             |       |     3 ||     3
Armor: Scale mail        |    28 |    33 ||    61
Dodge: Dodged            |    24 |    31 ||    55
Block: Shield            |    35 |    50 ||    85
       Rpst.: Long sword |     5 |     5 ||    10

Table legend:
 A = Non-vault XP
 B = Vault XP
 C = Vault XP percentage of total XP
 D = Non-vault monster count
 E = Vault monster count
 F = Vault count percentage of total count
                 A         B        C        D         E       F
            +---------+---------+-------+---------+---------+-------
      Total |     279 |      73 |  20.7 |      59 |       2 |   3.3
            +---------+---------+-------+---------+---------+-------
        D:1 |      45 |       0 |   0.0 |      21 |       0 |   0.0
        D:2 |     150 |      73 |  32.7 |      24 |       2 |   7.7
        D:3 |      84 |       0 |   0.0 |      14 |       0 |   0.0
            +---------+---------+-------+---------+---------+-------
